 Dungeon Crawl Stone Soup version 0.16.1 (console) character file.

34 gw the Cudgeler (level 3, -1/29 HPs)
             Began as a Demonspawn Berserker on Mar 23, 2015.
             Was a Believer of Trog.
             Slain by a hobgoblin (3 damage)
             ... on level 2 of the Dungeon.
             The game lasted 00:01:26 (1427 turns).

gw the Cudgeler (Demonspawn Berserker)              Turns: 1427, Time: 00:01:26

Health: -1/29      AC:  2    Str: 17    XL:     3   Next: 14%
Magic:  3/3        EV: 12    Int:  8    God:    Trog [**....]
Gold:   36         SH:  0    Dex: 13    Spells: 0 memorised, 2 levels left

rFire  . . .     SeeInvis .     a - +0 mace
rCold  + . .     Clarity  .     b - +0 animal skin
rNeg   . . .     SustAb   .     (no shield)
rPois  .         Gourm    .     (helmet restricted)
rElec  .         Spirit   .     (no cloak)
rCorr  .         Warding  .     (no gloves)
rMut   .         Stasis   .     (no boots)
MR     .....                    (no amulet)
Stlth  +.........               (no ring)
                                (no ring)

@: very slightly contaminated, not resistant to hostile enchantments, very
unstealthy
A: antennae 1, cold resistance 1
a: Burn Spellbooks, Berserk, Trog's Hand, Renounce Religion


You were on level 2 of the Dungeon.
You worshipped Trog.
Trog was pleased with you.
You were very hungry.

You visited 1 branch of the dungeon, and saw 2 of its levels.

You collected 36 gold pieces.

Inventory:

Hand weapons
 a - a +0 mace (weapon)
Missiles
 d - 40 stones (quivered)
 f - 11 poisoned needles
Armour
 b - a +0 animal skin (worn)
Comestibles
 c - 4 bread rations
 h - a beef jerky


   Skills:
 + Level 3.2 Fighting
 * Level 3.2 Maces & Flails
 + Level 1.0 Throwing
 + Level 2.2 Armour
 - Level 1.7 Dodging


You had 2 spell levels left.
You didn't know any spells.

Dungeon Overview and Level Annotations

Branches:
Dungeon (2/15)

Altars:


Innate Abilities, Weirdness & Mutations

You have a pair of small antennae on your head.
Your flesh is cold resistant.


Message History

MOVING TO (1,7)
A hobgoblin comes into view.
The rat bites you.
Unknown command.
Unknown command.
Unknown command.
MOVING TO (1,6)
Found two stone staircases leading down.
Unknown command.
Unknown command.
Unknown command.
MOVING TO (1,5)
Found a ring mail.
Found a stone staircase leading down.
Unknown command.
Unknown command.
Unknown command.
MOVING TO (1,4)
A bat comes into view.
The hobgoblin hits you.
You die...

....#....#....##
...##.#........#
.........[#......
.##.#........#..
..#....%.#...#
#..#...g.#...?#
#.....J.#....#
.##.....r.#.!..##
...b....6.......>
........g........
...$.....##.>>.
.........# ....
.......... ...
..........
.........
....[.... ...


You could see an ooze, a hobgoblin, a goblin, a bat and a rat.

Table legend:
 A = Turns spent in this place as a percentage of turns spent in the entire game.
 B = Non-inter-level travel turns spent in this place as a percentage of non-inter-level travel turns spent in the entire game.
 C = Inter-level travel turns spent in this place as a percentage of turns spent in this place.
 D = Turns resting spent in this place as a percentage of non-inter-level travel turns spent in this place.
 E = Turns spent auto-exploring this place as a percentage of non-inter-level travel turns spent in this place.
 F = Non-inter-level travel turns spent in this place divided by the number of levels of this place that you've seen.
                   A       B       C       D       E      F
               +-------+-------+-------+-------+-------+----------------------
         Total | 100.0 | 100.0 |   0.2 |   1.4 |   2.4 | 977.0
       Dungeon | 100.0 | 100.0 |   0.2 |   1.4 |   2.4 | 977.0
               +-------+-------+-------+-------+-------+----------------------

Table legend:
 A = Kills in this place as a percentage of kills in entire the game.
 B = Kills by you in this place as a percentage of kills by you in the entire game.
 C = Kills by friends in this place as a percentage of kills by friends in the entire game.
 D = Other kills in this place as a percentage of other kills in the entire game.
 E = Experience gained in this place as a percentage of experience gained in the entire game.
 F = Experience gained in this place divided by the number of levels of this place that you have seen.
                   A       B       C       D       E      F
               +-------+-------+-------+-------+-------+----------------------
         Total | 100.0 | 100.0 |  -nan |  -nan | 100.0 |  24.5
       Dungeon | 100.0 | 100.0 |  -nan |  -nan | 100.0 |  24.5
               +-------+-------+-------+-------+-------+----------------------

Vanquished Creatures
  A worm (D:2)
  A ball python (D:1)
  4 bats (D:1)
  3 goblins (D:1)
  2 hobgoblins (D:1)
  6 jackals (D:1)
  A giant newt (D:1)
  3 kobolds (D:1)
  6 rats (D:1)
27 creatures vanquished.

Notes
Turn   | Place    | Note
--------------------------------------------------------------
     0 | D:1      | gw, the Demonspawn Berserker, began the quest for the Orb.
     0 | D:1      | Reached XP level 1. HP: 18/18 MP: 1/1
   289 | D:1      | Gained mutation: You have a pair of small antennae on your head. [demonic ancestry]
   289 | D:1      | Reached XP level 2. HP: 24/24 MP: 2/2
   823 | D:1      | Acquired Trog's second power
  1214 | D:1      | Gained mutation: Your flesh is cold resistant. [demonic ancestry]
  1214 | D:1      | Reached XP level 3. HP: 29/29 MP: 3/3
  1422 | D:2      | Reached skill level 1 in Throwing
  1424 | D:2      | HP: 1/29 [rat (1)]
  1427 | D:2      | Slain by a hobgoblin

Action                   || total
-------------------------++-------
Melee: Mace              ||    91
Throw: Stone             ||    59
Invok: Berserk           ||     1
       Trog's Hand       ||     1
  Use: Scroll            ||     2
       Potion            ||     2
  Eat: Chunk             ||     2

Vault maps used:
D:1:      zaba_arrival_water, feat_on_display
D:2:      ashenzari_conservatory_becter, minivault_27,
          nicolae_gozag_seed_capital
